 Dungeon Crawl Stone Soup version 0.27.1-4-g1640c2035a (webtiles) character file.

Game seed: 11575923560540768695

11 AarnesTheHuman the Shield-Bearer (level 2, 24/24 HPs)
             Began as a Formicid Fighter on Nov 3, 2021.
             Was a Follower of Vehumet.
             Got out of the dungeon alive.
             The game lasted 00:00:43 (368 turns).

AarnesTheHuman the Shield-Bearer (Formicid Fighter)  Turns: 368, Time: 00:00:43

Health: 24/24      AC:  6    Str: 20    XL:     2   Next: 35%
Magic:  2/2        EV:  8    Int:  7    God:    Vehumet [*.....]
Gold:   34         SH:  9    Dex: 10    Spells: 1/1 levels left

rFire    . . .     SeeInvis +   a - +0 long sword
rCold    . . .     Faith    .   c - +0 kite shield
rNeg     . . .     Spirit   .   b - +0 scale mail
rPois    .         Reflect  .   (helmet unavailable)
rElec    .         Harm     .   (no cloak)
rCorr    .         Rampage  .   (no gloves)
Will     .....                  (no boots)
Stlth    ..........             (no amulet)
HPRegen  0.08/turn              (no ring)
MPRegen  0.08/turn              (no ring)

@: no status effects
A: permanent stasis, dig shafts and tunnels, antennae 3, four strong arms
a: Dig, Shaft Self, Renounce Religion


You escaped.
You worshipped Vehumet.
Vehumet was aware of your devotion.
You visited 1 branch of the dungeon, and saw 1 of its levels.

You collected 34 gold pieces.

Inventory:

Hand Weapons
 a - a +0 long sword (weapon)
Armour
 b - a +0 scale mail (worn)
 c - a +0 kite shield (worn)
Scrolls
 e - a scroll of noise {unknown}
 f - a scroll of fog {unknown}
Potions
 d - a potion of might


   Skills:
 + Level 3.5 Fighting
 + Level 2.2 Long Blades
 + Level 3.5 Armour
 + Level 3.8 Shields


You had one spell level left.
You didn't know any spells.
Your spell library was empty.

Dungeon Overview and Level Annotations

Branches:
Dungeon (1/15)

Altars:
Vehumet


Innate Abilities, Weirdness & Mutations

You cannot be hasted, slowed, berserked, paralysed or teleported.
You can dig through walls and to a lower floor.
You have a pair of large antennae on your head. (SInv)
Your four strong arms can wield two-handed weapons with a shield.


Message History

You hit the bat but do no damage. The bat hits you but does no damage.
The frilled lizard closely misses you.
You riposte.
You barely miss the frilled lizard. You completely miss the bat.
The bat barely misses you. You block the frilled lizard's attack.
The bat barely misses you.
The frilled lizard completely misses you.
You riposte.
You hit the frilled lizard.
You kill the frilled lizard!
You completely miss the bat. The bat hits you but does no damage.
You block the bat's attack. The bat hits you but does no damage.
The bat hits you but does no damage.
You hit the bat.
The bat is moderately wounded.
The bat hits you but does no damage. x2
You barely miss the bat.
The bat is moderately wounded.
You block the bat's attack. The bat hits you but does no damage.
You hit the bat.
You kill the bat!
No target in view!
No target in view!
f - a scroll labelled LUSTIB QIYGH
There is a faded altar of an unknown god here.
You cannot tell which god this altar belongs to.
Convert to them anyway?
Okay, then.
You cannot tell which god this altar belongs to.
Convert to them anyway?
Vehumet accepts your prayer! Vehumet welcomes you!
You can now gain magical power from killing.
Vehumet offers you knowledge of Magic Dart.
You see here a +0 falchion.
You see here a bat corpse.
You see here a +0 dagger.
You open the door.
There is an open door here.
There is a fountain of clear blue water here.
There is a staircase leading out of the dungeon here.
Are you sure you want to leave the Dungeon?
This will make you lose the game!
You have escaped!

########### #....8....#
#.##...##.# #..##.##..
#...#'#..####
#...#'#.....####
#..##⌠##........
#..+⌠@⌠'....#####
#..##⌠##..#.........
#...#+#..#...## .... ##
##..#+#..#...# ..... .#
#..##.##.....# ... .
########.##...##....##.# ##
#
............8..........#....
# #############............#
#### ##### #####).#.#####


There were no monsters in sight!

Vanquished Creatures
  A dart slug (D:1)
  An endoplasm (D:1)
  A hobgoblin (D:1)
  A kobold (D:1)
  2 bats (D:1)
  A frilled lizard (D:1)
  2 rats (D:1)
9 creatures vanquished.

Notes
Turn   | Place    | Note
-------+----------+-------------------------------------------
     0 | D:1      | AarnesTheHuman the Formicid Fighter began the quest for the
                  | Orb.
     0 | D:1      | Reached XP level 1. HP: 18/18 MP: 1/1
   293 | D:1      | Reached XP level 2. HP: 24/24 MP: 2/2
   304 | D:1      | Found a faded altar of an unknown god.
   325 | D:1      | Became a worshipper of Vehumet
   325 | D:1      | Reached * piety under Vehumet
   325 | D:1      | Offered knowledge of Magic Dart by Vehumet.
   368 | D:$      | Got out of the dungeon alive.

Illustrated notes

Levels and vault maps discovered:
D:1:      grunt_arrival_crossed_arrows, layout_rooms,
          ebering_ecumenical_altar_mist

Action                   || total
-------------------------++-------
Melee: Long sword        ||    32
Armor: Scale mail        ||    20
Dodge: Dodged            ||    14
Block: Kite shield       ||    19
       Rpst.: Long sword ||     5
